 Dungeon Crawl Stone Soup version 0.28.0-53-g5a82cb258f (webtiles) character file.

Game seed: 13221099917442122078

644 Zeld the Skirmisher (level 7, -9/64 HPs)
             Began as a Minotaur Berserker on May 22, 2022.
             Was a Believer of Trog.
             Mangled by a wyvern (17 damage)
             ... on level 5 of the Dungeon.
             The game lasted 00:02:21 (3382 turns).

Zeld the Skirmisher (Minotaur Berserker)            Turns: 3382, Time: 00:02:22

Health: -9/64      AC:  2    Str: 23    XL:     7   Next: 26%
Magic:  6/6        EV: 12    Int:  4    God:    Trog [**....]
Gold:   111        SH:  0    Dex: 10    Spells: 6/6 levels left

rFire   . . .      SeeInvis .   a - +0 hand axe
rCold   . . .      Faith    .   (no shield)
rNeg    . . .      Spirit   .   b - +0 animal skin
rPois   .          Reflect  .   (helmet restricted)
rElec   .          Harm     .   (no cloak)
rCorr   .          Rampage  .   (no gloves)
Will    .....                   (no boots)
Stlth   +.........              (no amulet)
HPRegen 0.20/turn               (no ring)
MPRegen 0.10/turn               (no ring)

@: on berserk cooldown, slowed, very slow
A: horns 2, retaliatory headbutt
a: Renounce Religion, Berserk, Trog's Hand


You were on level 5 of the Dungeon.
You worshipped Trog.
Trog was pleased with you.
You visited 1 branch of the dungeon, and saw 5 of its levels.

You collected 111 gold pieces.

Inventory:

Hand Weapons
 a - a +0 hand axe (weapon)
Armour
 b - a +0 animal skin (worn)
Jewellery
 n - a +6 ring of strength
Scrolls
 d - 5 scrolls of teleportation {unknown}
 e - a scroll of magic mapping {unknown}
 i - 3 scrolls of identify {unknown}
 k - a scroll of vulnerability {unknown}
 m - a scroll of enchant weapon {unknown}
 o - a scroll of blinking {unknown}
 p - 2 scrolls of amnesia {unknown}
Potions
 c - a potion of experience {unknown}
 f - a potion of lignification {unknown}
 g - a potion of haste {unknown}
 h - 4 potions of curing {unknown}
 j - a potion of might {unknown}
 l - a potion of mutation {unknown}


   Skills:
 * Level 6.6 Fighting
 * Level 6.5 Axes
 + Level 4.5 Armour
 + Level 4.0 Dodging


You had 6 spell levels left.
You didn't know any spells.
Your spell library was empty.

Dungeon Overview and Level Annotations

Branches:
Dungeon (5/15)
 Temple: D:4-7

Altars:
Elyvilon

Shops:
D:1 [   D:4 !


Innate Abilities, Weirdness & Mutations

You have a pair of horns on your head.
You reflexively headbutt those who attack you in melee.


Message History

The gargoyle is severely damaged.
The gargoyle barely misses you.
Unknown command.
You hit the gargoyle. Your headbutt misses the gargoyle.
The gargoyle is severely damaged.
The gargoyle barely misses you.
You barely miss the gargoyle.
The gargoyle is severely damaged.
Unknown command.
You hit the gargoyle. Your headbutt misses the gargoyle.
The gargoyle is almost destroyed.
The gargoyle hits you with a +0 mace!
* * * LOW HITPOINT WARNING * * *
You barely miss the gargoyle.
The gargoyle is almost destroyed.
The gargoyle hits you with a +0 mace.
* * * LOW HITPOINT WARNING * * *
Unknown command.
You barely miss the gargoyle.
The gargoyle is almost destroyed.
Unknown command.
You hit the gargoyle.
You destroy the gargoyle!
Trog accepts your kill.
Your Fighting skill increases to level 6!
Your Axes skill increases to level 6!
Your Armour skill increases to level 4!
Your Dodging skill increases to level 4!
You have reached level 7!
You start resting.
You feel a strong urge to attack something.
You are no longer berserk.
You are exhausted.
You feel yourself slow down.
You start resting.
A wyvern comes into view.
A wyvern is nearby!
A wyvern is nearby!
A wyvern is nearby!
The wyvern bites you!
You die...

#.. ...###.#
.......#####
##.##..#...
#........#
######..##....#####
.....>.......=..>.#
#......#l..)###.
#.<.@..........
#............?.
#..............
#...##.........
#...##.........
.(........#.....
###........##...#
##.####### .#


You could see a wyvern.

Vanquished Creatures
  A gargoyle (D:5)
  2 ogres (D:4)
  An orc wizard (D:4)
  A howler monkey skeleton (D:4)
  5 adders
  A white imp (D:4)
  4 worms
  3 dart slugs
  7 orcs
  6 bats
  7 endoplasms
  5 giant cockroaches
  2 goblins
  7 hobgoblins
  6 jackals
  2 quokkas (D:4)
  3 ball pythons
  3 frilled lizards
  5 kobolds
  3 rats
74 creatures vanquished.

Notes
Turn   | Place    | Note
-------+----------+-------------------------------------------
     0 | D:1      | Zeld the Minotaur Berserker began the quest for the Orb.
     0 | D:1      | Reached XP level 1. HP: 19/19 MP: 0/0
   138 | D:1      | Found Ugryod's Antique Armour Shoppe.
   214 | D:1      | Found a faded altar of an unknown god.
   222 | D:1      | Reached XP level 2. HP: 12/27 MP: 1/1
   968 | D:2      | Reached XP level 3. HP: 24/33 MP: 2/2
  1314 | D:2      | Reached ** piety under Trog
  1693 | D:3      | Reached XP level 4. HP: 41/41 MP: 3/3
  1851 | D:3      | Found a white marble altar of Elyvilon.
  2313 | D:4      | Reached skill level 5 in Fighting
  2315 | D:4      | Reached skill level 5 in Axes
  2315 | D:4      | Reached XP level 5. HP: 27/48 MP: 4/4
  2509 | D:4      | Noticed an ogre
  2516 | D:4      | Killed an ogre
  2617 | D:4      | Found Gycwodda's Distillery.
  2662 | D:4      | Noticed an ogre
  2667 | D:4      | Killed an ogre
  2668 | D:4      | Reached XP level 6. HP: 57/57 MP: 5/5
  2920 | D:4      | Found a glowing drain.
  3352 | D:5      | Entered Level 5 of the Dungeon
  3354 | D:5      | Noticed a gargoyle
  3368 | D:5      | Killed a gargoyle
  3369 | D:5      | Reached XP level 7. HP: 6/64 MP: 6/6
  3379 | D:5      | Noticed a wyvern
  3382 | D:5      | Mangled by a wyvern

Illustrated notes

Levels and vault maps discovered:
D:1:      mrwooster_arrival_statue_3, layout_loops_ring, serial_shops, shop,
          chequers_ecumenical_altar_island, grunt_decor_junction,
          minmay_misc_feat_x
D:2:      layout_rooms, nrook_campfire
D:3:      layout_loops_ring, mainiacjoe_overflow_cross_hatched
D:4:      layout_cave_pools, serial_shops, nicolae_take_the_stairs,
          cheibrodos_sewer_entry_bend, minmay_small_thing
D:5:      lemuel_ratsnest, layout_loops_ring, minmay_temple_entry_glass

Skill      XL: |  1  2  3  4  5  6 |
---------------+-------------------+-----
Axes           | 4 5 6 |  6.5
Fighting       | 4 5 6 |  6.6
Armour         | 3 4 |  4.5
Dodging        | 3 4 |  4.0

Action                   |  1- 3 |  4- 6 |  7- 9 || total
-------------------------+-------+-------+-------++-------
Melee: Hand axe          |    64 |    83 |       ||   147
       Headbutt          |    13 |    17 |       ||    30
       Punch             |     1 |       |       ||     1
Invok: Berserk           |       |     3 |       ||     3
 Stab: Sleeping          |       |     1 |       ||     1
Armor: Animal skin       |    12 |     9 |       ||    21
Dodge: Dodged            |    56 |    64 |       ||   120
